 Dungeon Crawl Stone Soup version 0.17-a0-1646-geb1493d (webtiles) character file.

231 maniek23 the Poker (level 6, 0/51 HPs)
             Began as a Merfolk Chaos Knight on Aug 9, 2015.
             Slain by a hobgoblin
             ... wielding a +0 club
             ... led by Robin
              (4 damage)
             ... on level 4 of the Dungeon.
             The game lasted 00:07:53 (2491 turns).

maniek23 the Poker (Merfolk Chaos Knight)           Turns: 2491, Time: 00:07:57

Health: 0/51       AC:  3    Str: 12    XL:     6   Next: 3%
Magic:  15/15      EV:  9    Int: 12    God:    Xom [.*....]
Gold:   155        SH:  0    Dex: 13    Spells: 0 memorised, 5 levels left

rFire  x . .     SeeInvis .     a - +0 spear (chaos)
rCold  + . .     Clarity  .     o - +0 leather armour
rNeg   . . .     SustAt   .     (no shield)
rPois  .         Gourm    .     (no helmet)
rElec  .         Spirit   .     (no cloak)
rCorr  .         Warding  .     (no gloves)
rMut   .         Stasis   .     (no boots)
MR     .....                    (no amulet)
Stlth  +.........               z - ring of ice
                                d - ring of magical power

@: constricted, not resistant to hostile enchantments, very unstealthy
A: change form in water, swift swim, clumsy 1, spit poison 1, no device heal 1
a: Spit Poison, Renounce Religion


You were on level 4 of the Dungeon.
You worshipped Xom.
You were a plaything of Xom.
You were not hungry.

You visited 1 branch of the dungeon, and saw 4 of its levels.

You collected 155 gold pieces.

Inventory:

Hand weapons
 a - a +0 spear of chaos (weapon)
Missiles
 h - 69 stones (quivered)
Armour
 b - a cursed +2 leather armour
 o - a +0 leather armour (worn)
Jewellery
 d - a ring of magical power (left hand)
 z - a ring of ice (right hand)
Magical devices
 s - a wand of magic darts (16)
Scrolls
 e - a scroll of noise {unknown}
 k - a scroll of immolation {unknown}
 m - a scroll of identify {unknown}
 n - a scroll of recharging {unknown}
 p - a scroll of blinking {unknown}
 r - a scroll of remove curse
 w - a scroll of enchant weapon {unknown}
 y - a scroll of teleportation {unknown}
Potions
 i - a potion of might {unknown}
 l - a potion of cancellation {unknown}
 q - a potion of poison {unknown}
 t - a potion of curing {unknown}
 v - a potion of mutation
 x - 2 potions of agility {unknown}
Comestibles
 c - 3 bread rations
 f - 2 beef jerkies
 g - 3 fruits
 j - 2 meat rations
 u - 2 chunks of flesh


   Skills:
 + Level 5.5 Fighting
 + Level 7.2 Polearms
 - Level 0.7 Armour
 - Level 2.8 Dodging


You had 5 spell levels left.
You didn't know any spells.

Dungeon Overview and Level Annotations

Branches:
Dungeon (4/15)
 Temple: D:4-7

Altars:
Gozag
Sif Muna
Vehumet
The Shining One

Annotations:
D:4 Robin


Innate Abilities, Weirdness & Mutations

You revert to your normal form in water.
You are very nimble and swift while swimming.
You are clumsy. (Dex -2)
You can spit weak poison.
Potions and wands are less effective at restoring your health.


Message History

The goblin hits you but does no damage.
You barely miss the ball python. The ball python barely misses you.
The ball python constricts you. The goblin barely misses you.
The goblin barely misses you.
You closely miss the ball python.
Robin seems less confused.
The ball python barely misses you. The ball python constricts you.
The hobgoblin hits you with a club.
* * * LOW HITPOINT WARNING * * *
The goblin barely misses you. The goblin hits you but does no damage.
The goblin closely misses you.
Drink which item? (? for menu, Esc to quit)
Okay, then.
Read which item? (? for menu, Esc to quit)
As you read the scroll labeled XINIHA BOUSE, it crumbles to dust.
You feel as if something is helping you.
It was a scroll of remove curse.
The ball python bites you.
* * * LOW HITPOINT WARNING * * *
The ball python constricts you. The hobgoblin hits you with a club.
You die... "It's all fun and games until someone loses an eye."

.............#
#...>.#.##..##
....##.....).#
..........##.#
..###.....##.#####
..†.#............#
#................#
..............gSg#
..#........>...g@#
###............gg#
########.......#
#########


You could see Robin, a hobgoblin (frenzied), 3 goblins and a ball python.

Vanquished Creatures
  A scorpion (D:4)
  A worker ant (D:4)
  8 adders
  2 oozes
  An adder zombie (D:1)
  A worm (D:2)
  2 giant geckos
  4 orcs
  6 bats
  9 goblins
  8 hobgoblins
  A ball python (D:2)
  A giant cockroach (D:1)
  5 giant newts
  4 jackals (D:2)
  6 kobolds
  A quokka zombie (D:1)
  6 rats
67 creatures vanquished.

Notes
Turn   | Place    | Note
--------------------------------------------------------------
     0 | D:1      | maniek23 the Merfolk Chaos Knight began the quest for the Orb.
     0 | D:1      | Reached XP level 1. HP: 18/18 MP: 1/1
    95 | D:1      | Reached XP level 2. HP: 24/24 MP: 2/2
   297 | D:1      | Reached skill level 5 in Polearms
   434 | D:1      | Reached XP level 3. HP: 30/30 MP: 3/3
   482 | D:1      | Found a glowing golden altar of the Shining One.
   518 | D:1      | XOM: divination: detect creatures
   770 | D:2      | XOM: divination: magic mapping
   879 | D:2      | Reached XP level 4. HP: 24/38 MP: 4/4
  1005 | D:2      | Reached skill level 6 in Polearms
  1396 | D:2      | XOM: harmless Fire miscast
  1513 | D:3      | Reached XP level 5. HP: 41/43 MP: 5/5
  1651 | D:3      | Reached skill level 5 in Fighting
  1710 | D:3      | Found a radiant altar of Vehumet.
  1710 | D:3      | Found an opulent altar of Gozag.
  1711 | D:3      | Found a deep blue altar of Sif Muna.
  1737 | D:3      | XOM: divination: detect creatures
  2211 | D:4      | Reached skill level 7 in Polearms
  2223 | D:4      | Noticed Robin
  2372 | D:3      | XOM: medium Chrm miscast
  2397 | D:3      | Reached XP level 6. HP: 34/51 MP: 6/6
  2467 | D:3      | XOM: noise
  2471 | D:4      | XOM: noise
  2487 | D:4      | Gained mutation: You can spit weak poison. [potion of mutation]
  2487 | D:4      | Gained mutation: You are clumsy. (Dex -2) [potion of mutation]
  2487 | D:4      | Gained mutation: Potions and wands are less effective at restoring your health. [potion of mutation]
  2491 | D:4      | Slain by a hobgoblin

Vault maps used:
D:1:      saegor_arrival_fortress, tso_altar
D:2:      amethyst_killhole
D:3:      gammafunk_temple_overflow_claw
D:4:      uniq_robin, uniq_eustachio

Action                   |  1- 3 |  4- 6 || total
-------------------------+-------+-------++-------
Melee: Spear             |   109 |   136 ||   245
  Use: Scroll            |       |     1 ||     1
       Potion            |       |     1 ||     1
 Stab: Paralysed         |     2 |     2 ||     4
       Sleeping          |     2 |       ||     2
       Confused          |     1 |     1 ||     2
       Petrifying        |     1 |       ||     1
       Petrified         |       |     1 ||     1
  Eat: Chunk             |       |     4 ||     4
       Fruit             |       |     1 ||     1
